 Dungeon Crawl Stone Soup version 0.25-a0-842-g81a31cfd23 (webtiles) character file.

Game seed: 1251208010396537771, levelgen mode: deterministic

52045 Baz the Summoner (level 14, -14/80 HPs)
             Began as a Tengu Ice Elementalist on Apr 23, 2020.
             Was an Elder of Sif Muna.
             Demolished by Agnes
             ... wielding a +7 lajatang of electrocution
              (19 damage)
             ... on level 15 of the Dungeon on Apr 24, 2020.
             The game lasted 01:35:55 (36134 turns).

Baz the Summoner (Tengu Ice Elementalist)          Turns: 36134, Time: 01:35:56

Health: -14/80     AC: 16    Str: 13    XL:     14   Next: 62%
Magic:  13/30      EV: 16    Int: 18    God:    Sif Muna [****..]
Gold:   1207       SH: 11    Dex: 18    Spells: 2/35 levels left

rFire    + . .     SeeInvis .   a - staff of energy
rCold    . . .     Gourm    .   F - +0 buckler
rNeg     . . .     Faith    .   L - +2 acid dragon scales
rPois    .         Spirit   .   D - +2 hat
rElec    .         Reflect  +   e - +2 cloak {+Inv}
rCorr    +         Harm     .   p - +0 pair of gloves {Str+3}
MR       ++...                  (boots unavailable)
Stlth    ++........             W - +6 amulet of reflection
HPRegen  0.23/turn              h - ring of Hospitality {+Inv rF+ MR+ Dex+2}
MPRegen  0.22/turn              S - +2 ring of evasion

@: frozen ramparts, flying quickly and evasively, quick
A: beak, talons 3, able to fly
a: Stop Flying, Channel Magic, Forget Spell, Divine Exegesis, Renounce Religion,
Evoke Invisibility


You were on level 15 of the Dungeon.
You worshipped Sif Muna.
Sif Muna was greatly pleased with you.
You were hungry.

You visited 3 branches of the dungeon, and saw 22 of its levels.
You also visited: Gauntlet.

You collected 1272 gold pieces.
You spent 65 gold pieces at shops.

Inventory:

Hand Weapons
 b - the +7 Singing Sword {vorpal, sonic wave}
   (You found it in a Gauntlet)

   It inflicts extra damage upon your enemies.
Missiles
 J - a throwing net (quivered)
Armour
 e - a +2 cloak of invisibility (worn)
 p - a +0 pair of gloves of strength (worn)
 D - a +2 hat (worn)
 E - a +2 kite shield
 F - a +0 buckler (worn)
 L - +2 acid dragon scales (worn)
Magical Staves
 a - an uncursed staff of energy (weapon)
 Z - an uncursed staff of air
Jewellery
 d - an uncursed amulet of harm {unknown}
 h - the ring of Hospitality (left hand) {+Inv rF+ MR+ Dex+2}
   (You took it off a minotaur in a Gauntlet)

   [ring of protection from fire]

   It affects your dexterity (+2).
   It protects you from fire.
   It affects your resistance to hostile enchantments.
   It lets you turn invisible.
 B - the ring of Ygorphu {rF- MR+ Dex+4 SInv}
   (You found it on level 2 of the Lair of Beasts)

   [ring of dexterity]

   It affects your dexterity (+4).
   It makes you vulnerable to fire.
   It affects your resistance to hostile enchantments.
   It lets you see invisible.
 H - an uncursed ring of protection from cold
 K - an uncursed ring of magical power {unknown}
 S - a +2 ring of evasion (right hand)
 V - an uncursed amulet of rage {unknown}
 W - a +6 amulet of reflection (around neck)
Wands
 j - a wand of iceblast (9)
 x - a wand of acid (8)
Scrolls
 f - 2 scrolls of holy word {unknown}
 k - 3 scrolls of amnesia
 l - 8 scrolls of remove curse
 m - a scroll of brand weapon {unknown}
 n - 3 scrolls of magic mapping
 o - 6 scrolls of fog
 s - 2 scrolls of enchant armour
 t - a scroll of acquirement {unknown}
 u - 2 scrolls of identify
 y - 2 scrolls of enchant weapon
 C - 4 scrolls of immolation {unknown}
 I - 5 scrolls of random uselessness {unknown}
 M - 2 scrolls of noise {unknown}
 O - a scroll of silence
 P - 2 scrolls of vulnerability {unknown}
 Q - a scroll of blinking
 T - 4 scrolls of fear
Potions
 g - 11 potions of curing
 i - 3 potions of lignification
 q - 2 potions of flight
 r - a potion of magic
 v - 2 potions of berserk rage
 w - 7 potions of brilliance
 z - 2 potions of mutation
 A - 3 potions of resistance
 G - 4 potions of ambrosia
 N - 3 potions of stabbing
 R - a potion of invisibility
 U - 4 potions of haste
 Y - a potion of heal wounds
Miscellaneous
 X - a box of beasts
Comestibles
 c - 26 rations


   Skills:
 - Level 6.0 Fighting
 + Level 2.8 Long Blades
 - Level 7.0 Armour
 - Level 2.1 Dodging
 - Level 2.0 Stealth
 - Level 4.0 Shields
 + Level 11.3 Spellcasting
 - Level 12.0 Conjurations
 * Level 14.8 Summonings
 - Level 5.0 Translocations
 - Level 6.0 Ice Magic
 - Level 8.4 Air Magic
 + Level 5.1 Invocations


You had 2 spell levels left.
You knew the following spells:

 Your Spells              Type           Power        Failure   Level  Hunger
a - Freeze                Ice            ####         1%          1    None
b - Frozen Ramparts       Ice            ####..       2%          3    None
c - Summon Mana Viper     Hex/Summ       #####...     12%         5    None
d - Summon Ice Beast      Ice/Summ       #####...     1%          4    None
e - Hailstorm             Conj/Ice       #####...     2%          4    None
f - Blink                 Tloc           N/A          1%          2    None
g - Iskenderun's Mystic   Conj/Tloc      #####...     2%          4    None
h - Summon Lightning Spi  Summ/Air       ######..     1%          4    None
i - Shadow Creatures      Summ           N/A          3%          6    None

Your spell library contained the following spells:

 Spells                   Type           Power        Failure   Level  Hunger
 Magic Dart               Conj           ####         1%          1    None
 Summon Small Mammal      Summ           ####         1%          1    None
 Call Imp                 Summ           ######..     1%          2    None
 Searing Ray              Conj           ######       1%          2    None
 Ensorcelled Hibernation  Hex/Ice        ###...       4%          2    None
 Corona                   Hex            ##.....      10%         1    None
 Slow                     Hex            ##......     14%         2    None
 Mephitic Cloud           Conj/Pois/Air  ####....     1%          3    None
 Recall                   Summ/Tloc      N/A          1%          3    None
 Aura of Abjuration       Summ           ######....   1%          5    None
 Summon Demon             Summ           ######....   1%          5    None
 Conjure Flame            Conj/Fire      ####....     2%          3    None
 Dazzling Flash           Conj/Hex       ####..       2%          3    None
 Summon Forest            Summ/Tloc      #####.....   4%          5    None
 Fulminant Prism          Conj/Hex       ####......   8%          4    None
 Ozocubu's Armour         Chrm/Ice       ###.....     9%          3    None
 Summon Greater Demon     Summ           ######....   19%         7    None
 Conjure Ball Lightning   Conj/Air       #####.....   22%         6    None
 Confusing Touch          Hex            ##......     28%         3    None
 Tukima's Dance           Hex            ##......     28%         3    None
 Silence                  Hex/Air        ####......   43%         5    None
 Agony                    Necr           ##......     95%         5    None
 Tornado                  Air            #####.....   100%        9    None


Dungeon Overview and Level Annotations

Branches:
Dungeon (15/15)            Temple (1/1) D:7            Lair (6/6) D:9
 Shoals (0/4) Lair:4       Spider (0/4) Lair:4        Slime (0/5) Lair:6
 Vaults (0/5) D:14        Gauntlet (visited)
    Orc: D:9-12      Depths: D:15

Altars:
Ashenzari
Cheibriados
Dithmenos
Elyvilon
Fedhas
Gozag
Hepliaklqana
Kikubaaqudgha
Makhleb
Nemelex Xobeh
Okawaru
Qazlal
Ru
Sif Muna
Trog
Uskayaw
Vehumet
Wu Jian
Xom
Yredelemnul
Zin
The Shining One

Shops:
D:8 =   D:11 (   D:14 !

Annotations:
D:4 3 runed translucent doors, 1994's ghost, amateur KoAM; htime's ghost, amateur GnSu; htime's ghost, amateur OpTm
D:8 exclusion: door
D:15 Agnes
Lair:3 exclusion: hydra
Lair:4 exclusion: oklob plant


Innate Abilities, Weirdness & Mutations

You have a beak for a mouth.
You have claws for feet.
You can fly continuously.


Message History

Your purple ugly thing closely misses Agnes.
Unknown command.
Unknown command.
Unknown command.
Your purple ugly thing dissolves into shadows!
The wall freezes Agnes.
Agnes hits you with a +7 lajatang of electrocution!!
The wall freezes Agnes.
You block Agnes's attack.
Your purple ugly thing completely misses Agnes.
The wall freezes Agnes.
Agnes hits you with a +7 lajatang of electrocution!!
* * * LOW HITPOINT WARNING * * *
Your purple ugly thing completely misses Agnes. x2
Unknown command.
Your purple ugly thing dissolves into shadows!
The wall freezes Agnes.
Agnes barely misses you.
The wall freezes Agnes.
Agnes hits you with a +7 lajatang of electrocution!!
* * * LOW HITPOINT WARNING * * *
You are electrocuted!!
You die...

.# ####### .###
#.....#
...###.....#
...........#
##...##....#
#.#####...# #+
#..^8^...## #. #
#######..#
#.####.#
####......#
#.@i...#
.....##...#
##u?.}## .##
#..########u#..#
.#
##.####.Su..S..##
.#
##..##<..Su####.#
####........u##
.# ......#..#####
. ###.<...## .#
#....### #


You could see Agnes, 2 friendly ugly things and a friendly mana viper.

Vanquished Creatures
  5 vault guards (D:14)
  A hydra (Lair:5)
  A centaur warrior (D:14)
  Urug (D:11)
  Sonja (D:10)
  6 deep elf magi
  An elephant (Lair:4)
  A centaur skeleton (D:14)
  A gargoyle (D:13)
  A kobold demonologist (D:8)
  4 black mambas
  4 spiny frogs
  4 rime drakes
  6 komodo dragons
  A yaktaur (D:8)
  3 trolls
  3 hornets
  A polar bear (Lair:2)
  6 dream sheep (Lair:4)
  11 blink frogs
  Prince Ribbit (D:8)
  4 hippogriffs
  A spriggan (D:9)
  3 wyverns
  A basilisk (D:14)
  A steam dragon (Lair:6)
  34 yaks
  2 acid dragons
  A soldier ant (D:13)
  10 water moccasins
  5 porcupines
  A black bear (shapeshifter) (D:8)
  A meliai simulacrum (D:14)
  3 orc warriors
  3 sky beasts
  An ice beast (D:12)
  7 ogres
  6 wolves
  7 centaurs
  16 crocodiles
  4 big kobolds
  19 bullfrogs
  A gnoll sergeant (D:7)
  A water moccasin skeleton (D:6)
  5 scorpions
  14 killer bees
  An electric eel (Lair:5)
  6 howler monkeys
  6 crimson imps
  3 bullfrog zombies
  A centaur zombie (D:9)
  2 quasits (D:10)
  8 hounds
  6 orc priests
  6 iguanas
  3 jellies
  11 orc wizards
  3 bullfrog skeletons
  Terence (D:3)
  13 worker ants
  2 killer bee zombies
  2 hound skeletons
  A howler monkey zombie (D:6)
  A worker ant zombie (D:9)
  13 adders
  2 gnolls (D:7)
  5 shadow imps
  2 oozes
  An adder zombie (D:5)
  5 adder skeletons
  4 worms
  2 dart slugs
  7 leopard geckos
  35 orcs
  5 giant cockroaches
  6 goblins
  7 hobgoblins
  10 jackals
  13 kobolds
  3 quokkas
  A ball python (D:5)
  7 bats
  4 frilled lizards
  A jackal zombie (D:8)
  A quokka skeleton (D:8)
  9 rats
  2 fungi
  2 plants (Lair:6)
437 creatures vanquished.

Vanquished Creatures (collateral kills)
  A minotaur (Gauntlet)
  Snorg (D:11)
  6 hydras
  A hell beast (Gauntlet)
  3 vault guards (D:14)
  2 catoblepae
  A death knight (D:15)
  Nergalle (D:10)
  3 slime creatures
  A skeletal warrior (D:15)
  An oklob plant (Lair:4)
  5 deep elf magi (D:11)
  5 ugly things (D:14)
  3 manticores
  An ice statue (Gauntlet)
  2 centaur zombies
  5 elephants (Lair:4)
  3 rime drakes
  Maggie (D:7)
  3 spiny frogs
  A freezing wraith (D:15)
  2 komodo dragons (Lair:3)
  2 hippogriffs
  2 dream sheep (Lair:4)
  A meliai zombie (D:13)
  A yak (Lair:6)
  A water elemental (D:12)
  2 wraiths
  A wyvern (D:12)
  A nameless horror (D:14)
  A basilisk (D:14)
  A vampire mosquito (D:6)
  A redback simulacrum (D:15)
  2 acid dragons
  2 porcupines (Lair:4)
  A water moccasin (Lair:4)
  An orc warrior (D:8)
  An ice beast (D:8)
  3 ogres
  3 crocodiles
  3 bullfrogs
  2 wyvern zombies
  A crimson imp (D:12)
  3 jellies
  2 quasits
  2 centaur skeletons
  A bullfrog skeleton (D:13)
  An iguana (D:7)
  A worker ant (D:13)
  A killer bee zombie (D:5)
  3 gnolls (D:7)
  2 shadow imps
  4 orcs
  A fungus (Lair:3)
  2 plants
108 creatures vanquished.

Vanquished Creatures (others)
  A cyclops (D:13)
  A centaur (D:14)
  16 fungi
  20 plants
  2 withered plants (D:4)
40 creatures vanquished.

Grand Total: 585 creatures vanquished

Notes
Turn   | Place    | Note
-------+----------+-------------------------------------------
     0 | D:1      | Baz the Tengu Ice Elementalist began the quest for the Orb.
     0 | D:1      | Reached XP level 1. HP: 10/10 MP: 4/4
   199 | D:1      | Reached XP level 2. HP: 15/16 MP: 3/6
   713 | D:1      | Reached skill level 1 in Fighting
   851 | D:2      | Reached XP level 3. HP: 15/20 MP: 3/7
   995 | D:2      | Learned a level 3 spell: Frozen Ramparts
  1176 | D:2      | Learned a level 3 spell: Ozocubu's Armour
  1469 | D:2      | Reached XP level 4. HP: 25/26 MP: 0/9
  1543 | D:2      | You fall into a shaft and drop 2 floors!
  1691 | D:4      | Found a runed translucent gate.
  1692 | D:4      | Found a runed translucent gate.
  1692 | D:4      | Found a runed translucent gate.
  1693 | D:4      | Noticed htime's ghost (amateur GnSu)
  1693 | D:4      | Noticed htime's ghost (amateur OpTm)
  1693 | D:4      | Noticed 1994's ghost (amateur KoAM)
  2852 | D:3      | Gained mutation: You can fly continuously. [Tengu growth]
  2852 | D:3      | Reached XP level 5. HP: 30/30 MP: 8/10
  3286 | D:3      | Noticed Terence
  3307 | D:3      | Killed Terence
  3688 | D:3      | Learned a level 4 spell: Summon Ice Beast
  3756 | D:3      | Reached skill level 1 in Summonings
  3756 | D:3      | Reached XP level 6. HP: 30/37 MP: 5/12
  4133 | D:3      | Reached skill level 2 in Summonings
  4328 | D:4      | Reached skill level 5 in Ice Magic
  4345 | D:4      | Reached XP level 7. HP: 36/41 MP: 2/13
  4492 | D:4      | Reached skill level 3 in Summonings
  4932 | D:5      | Entered Level 5 of the Dungeon
  5105 | D:5      | Reached skill level 4 in Summonings
  5257 | D:5      | Reached XP level 8. HP: 48/48 MP: 0/15
  5716 | D:5      | Reached skill level 5 in Summonings
  5810 | D:5      | Found a bloodstained altar of Trog.
  6425 | D:6      | Found a blossoming altar of Fedhas.
  6523 | D:6      | Reached skill level 6 in Summonings
  6540 | D:6      | Reached skill level 5 in Spellcasting
  6820 | D:6      | Reached skill level 5 in Fighting
  6839 | D:6      | Learned a level 4 spell: Hailstorm
  6929 | D:6      | Reached skill level 1 in Conjurations
  6950 | D:6      | Reached skill level 7 in Summonings
  6950 | D:6      | Reached XP level 9. HP: 37/54 MP: 8/17
  7071 | D:6      | Reached skill level 1 in Shields
  7947 | D:7      | Reached skill level 8 in Summonings
  8356 | D:7      | Noticed Maggie
  8375 | D:7      | Killed Maggie
  8817 | D:7      | Found a staircase to the Ecumenical Temple.
  8856 | Temple   | Entered the Ecumenical Temple
  9035 | Temple   | Became a worshipper of Sif Muna the Loreminder
  9290 | D:8      | Found Honie's Jewellery Emporium.
  9392 | D:8      | Noticed Prince Ribbit
  9403 | D:8      | Killed Prince Ribbit
  9403 | D:8      | Reached skill level 1 in Armour
  9817 | D:8      | Found a runed translucent door.
  9817 | D:8      | Found a runed translucent door.
  9817 | D:8      | Noticed a kobold demonologist
  9817 | D:8      | Noticed a yaktaur
 10133 | D:8      | Reached skill level 9 in Summonings
 10140 | D:8      | Reached XP level 10. HP: 50/59 MP: 3/20
 10436 | D:8      | Noticed a deep elf mage
 10436 | D:8      | Noticed a centaur warrior
 10475 | D:8      | Reached skill level 5 in Conjurations
 10559 | D:8      | Noticed a smoke demon
 10560 | D:8      | Killed a kobold demonologist
 10948 | D:8      | Learned a level 2 spell: Blink
 11632 | D:9      | Reached * piety under Sif Muna
 12009 | D:9      | Found a staircase to the Lair.
 12675 | D:9      | Reached skill level 10 in Summonings
 12675 | D:9      | Reached skill level 1 in Translocations
 12830 | D:10     | Entered Level 10 of the Dungeon
 13516 | D:10     | Reached ** piety under Sif Muna
 13804 | D:10     | Found a white marble altar of Elyvilon.
 13969 | D:10     | Noticed a two-headed ogre
 14025 | D:10     | Noticed Nergalle
 14037 | D:10     | Killed Nergalle
 14037 | D:10     | Reached skill level 5 in Armour
 14037 | D:10     | Reached XP level 11. HP: 32/63 MP: 3/23
 15291 | D:11     | Found Yhillage's Weapon Shop.
 15293 | D:11     | Noticed Snorg
 15311 | D:11     | Killed Snorg
 15564 | D:11     | Learned a level 4 spell: Iskenderun's Mystic Blast
 15571 | D:11     | Noticed Sonja
 15668 | D:10     | Killed Sonja
 15992 | D:11     | Noticed a deep elf mage
 15992 | D:11     | Noticed a deep elf mage
 15992 | D:11     | Noticed a deep elf mage
 15992 | D:11     | Noticed a deep elf mage
 15992 | D:11     | Noticed a deep elf mage
 15992 | D:11     | Noticed a deep elf mage
 15992 | D:11     | Noticed a deep elf mage
 15992 | D:11     | Noticed a deep elf mage
 16000 | D:11     | Killed a deep elf mage
 16002 | D:11     | Killed a deep elf mage
 16007 | D:11     | Killed a deep elf mage
 16008 | D:11     | Noticed a deep elf mage
 16009 | D:11     | Found a blossoming altar of Fedhas.
 16010 | D:11     | Noticed a deep elf mage
 16015 | D:11     | Noticed a sun demon
 16237 | Lair:1   | Entered Level 1 of the Lair of Beasts
 17715 | Lair:2   | Reached XP level 12. HP: 37/68 MP: 1/25
 17933 | Lair:2   | Reached *** piety under Sif Muna
 18147 | Lair:2   | Reached skill level 10 in Conjurations
 18575 | Lair:2   | Got a twisted leather armour
 18586 | Lair:2   | Identified the cursed +1 leather armour of the Guild-Master
                  | {-Tele Dex+3} (You found it on level 2 of the Lair of
                  | Beasts)
 19010 | Lair:2   | Got a sparkling bronze ring
 19206 | Lair:2   | Reached skill level 5 in Translocations
 19402 | Lair:3   | Learned a level 4 spell: Summon Lightning Spire
 19600 | Lair:3   | Identified the ring of Ygorphu {rF- MR+ Dex+4 SInv} (You
                  | found it on level 2 of the Lair of Beasts)
 19634 | Lair:3   | You are sucked into a shaft and drop 3 floors!
 19634 | Lair:6   | Entered Level 6 of the Lair of Beasts
 20015 | Lair:6   | Noticed a six-headed hydra
 20024 | Lair:6   | Killed a six-headed hydra
 20816 | Lair:6   | Reached skill level 1 in Air Magic
 20990 | Lair:6   | Found a staircase to the Slime Pits.
 21003 | Lair:6   | Reached skill level 11 in Summonings
 21549 | Lair:3   | Reached **** piety under Sif Muna
 21715 | Lair:3   | Noticed a catoblepas
 21836 | Lair:3   | Killed a catoblepas
 21836 | Lair:3   | Reached XP level 13. HP: 58/74 MP: 8/27
 21977 | Lair:3   | Reached skill level 10 in Spellcasting
 22449 | Lair:3   | Learned a level 6 spell: Shadow Creatures
 23044 | Lair:3   | Reached skill level 5 in Air Magic
 23390 | Lair:4   | Reached skill level 12 in Summonings
 23568 | Lair:4   | Found a staircase to the Shoals.
 23689 | Lair:4   | Found a hole to the Spider Nest.
 23706 | Lair:4   | Reached skill level 1 in Invocations
 26990 | Lair:6   | Noticed a nameless horror
 27281 | D:12     | Reached skill level 13 in Summonings
 27331 | D:12     | Reached ***** piety under Sif Muna
 27832 | D:12     | Identified Sif Muna's Grimoire of Supportive Necromancy
                  | (Sif Muna gifted it to you on level 12 of the Dungeon)
 27832 | D:12     | Received a gift from Sif Muna
 28429 | D:11     | Learned a level 5 spell: Summon Mana Viper
 28939 | D:11     | Noticed Urug
 28968 | D:11     | Killed Urug
 29929 | D:13     | Reached XP level 14. HP: 73/80 MP: 13/29
 31562 | D:13     | Upgraded the game from 0.25-a0-834-g55863b0b92 to
                  | 0.25-a0-842-g81a31cfd23
 31625 | D:14     | Got a warped cloak
 31678 | D:14     | Found a gate to the Vaults.
 31691 | D:14     | Reached skill level 14 in Summonings
 31739 | D:14     | Found Ysucop's Distillery.
 32024 | D:14     | Found a gate leading to a gauntlet.
 32032 | Gauntlet | Entered a Gauntlet
 32032 | Gauntlet | Found a transporter.
 32032 | Gauntlet | Found a transporter.
 32114 | Gauntlet | Found a transporter.
 32116 | Gauntlet | Found the +7 Singing Sword {vorpal, sonic wave}
 32132 | Gauntlet | Found a transporter.
 32132 | Gauntlet | Found a transporter.
 32136 | Gauntlet | Found a transporter.
 32137 | Gauntlet | Found a transporter.
 32137 | Gauntlet | Found a transporter.
 32151 | Gauntlet | Found a transporter.
 32167 | Gauntlet | Found a transporter.
 32229 | Gauntlet | Found a runed translucent door.
 32233 | Gauntlet | Found a transporter.
 32246 | Gauntlet | Found a transporter.
 32388 | Gauntlet | Found a transporter.
 32402 | Gauntlet | Found a transporter.
 33158 | Gauntlet | Identified the +0 cloak of Noughts and Crosses {+Blink}
                  | (You found it on level 14 of the Dungeon)
 33581 | Gauntlet | Identified the ring of Hospitality {+Inv rF+ MR+ Dex+2}
 33817 | D:14     | Reached skill level 1 in Long Blades
 34371 | D:14     | Bought a potion of heal wounds for 65 gold pieces
 34810 | D:14     | Reached skill level 5 in Invocations
 35249 | D:15     | Entered Level 15 of the Dungeon
 35837 | D:15     | Noticed Agnes
 36134 | D:15     | Demolished by Agnes

Levels and vault maps discovered:
D:1:      minmay_arrival_four_houses, layout_loops_ring
D:2:      layout_rooms
D:3:      minmay_chambers_of_threes, layout_basic, uniq_terence
D:4:      layout_basic, gammafunk_ghost_cemetery, first_ration
D:5:      layout_loops_ring, trog_three_pillars_becter
D:6:      minmay_chambers_of_fours, layout_cave_pools, fedhas_altar_2,
          lightli_minifort
D:7:      layout_cave_pools, minmay_temple_entry_statues_fountains, uniq_maggie
D:8:      minmay_the_grid_triangle_9x9_rhombus_full
          [minmay_the_grid_triangle_9x9_tough_junction,
          minmay_the_grid_triangle_9x9_skeleton,
          minmay_the_grid_triangle_9x9_windchime,
          minmay_the_grid_triangle_9x9_limited_checkers,
          minmay_the_grid_triangle_9x9_descending_squares,
          minmay_the_grid_triangle_9x9_longest,
          minmay_the_grid_triangle_9x9_steps,
          minmay_the_grid_triangle_9x9_prize_top_heavy], layout_basic,
          serial_shops, shop, minmay_joined_circles, uniq_prince_ribbit1
D:9:      layout_cross, dpeg_oklobed_lair, the_bakery, item_on_display_b
D:10:     layout_loops_ring, basic_altar, serial_co_window_serial,
          co_window_paths_a, co_window_corner_a, co_window_corner_a,
          co_window_paths_a, co_window_corner_a, co_window_corner_a,
          co_window_paths_a, co_window_corner_cb, co_window_corner_b,
          co_window_of_opportunity_b, co_window_broadway_c, co_window_paths_c,
          co_window_corner_cb, co_window_paths_e, co_window_4corner_a,
          glass_columns_b, glass_columns_c, glass_columns_a, glass_columns_a,
          glass_columns_c, grunt_ministairs_4, uniq_nergalle
D:11:     layout_basic, serial_shops, shop, basic_altar, elves_outpost_lemuel,
          uniq_snorg, uniq_sonja, uniq_urug
D:12:     layout_basic, orc_0_dummy
D:13:     layout_layer_cave, kennysheep_cross_bottleneck, minmay_misc_feat_room
D:14:     layout_loops_ring, erik_vaults_2, gauntlet_entry_generic,
          serial_shops, shop, minmay_misc_feat_rows
D:15:     grunt_enter_depths_snipers, layout_rooms,
          ebering_dispersal_statue_hall, uniq_jorgrun, uniq_agnes, uniq_azrael
Temple:   minmay_crystal_snake_temple
Lair:1:   layout_loops_ring
Lair:2:   layout_cave_pods
Lair:3:   layout_regular_city, beast_lair_carwin_1
Lair:4:   layout_concentric_octagons, minmay_shoals_entry_beasts,
          spider_nest_entry_web_field, st_stairs_12, minmay_lair_oklob_chamber
Lair:5:   layout_cellular_growth, serial_bayou_shore_a
Lair:6:   guppyfry_lair_end_dragon, layout_loops_ring, hangedman_lair_in_review,
          minmay_slime_entry_pillars

Skill      XL: |  1  2  3  4  5  6  7  8  9 10 11 12 13 14 |
---------------+-------------------------------------------+-----
Fighting       | 1 2 3 4 5 6 |  6.0
Ice Magic      | 4 5 6 |  6.0
Spellcasting   | 3 4 5 6 7 8 9 10 11 | 11.3
Summonings     | 1 2 4 7 9 10 11 13 14 | 14.8
Conjurations   | 1 4 7 9 11 12 | 12.0
Shields        | 3 4 |  4.0
Armour         | 2 5 7 |  7.0
Translocations | 2 4 5 |  5.0
Air Magic      | 4 7 8 |  8.4
Invocations    | 3 5 |  5.1
Long Blades    | 2 |  2.8
Dodging        | |  2.1
Stealth        | |  2.0

Action                   |  1- 3 |  4- 6 |  7- 9 | 10-12 | 13-15 || total
-------------------------+-------+-------+-------+-------+-------++-------
Melee: Kick              |     3 |    11 |    36 |    44 |    56 ||   150
       Peck              |     1 |     4 |    23 |    31 |    40 ||    99
       Unarmed           |     1 |       |       |       |       ||     1
       Dagger            |     6 |    46 |   145 |   100 |    33 ||   330
       Staff             |       |       |       |    34 |    87 ||   121
       Double sword      |       |       |       |       |     3 ||     3
 Cast: Freeze            |    38 |    81 |   100 |   303 |   158 ||   680
       Frozen Ramparts   |     2 |    10 |    24 |    42 |    56 ||   134
       Summon Ice Beast  |       |       |    16 |    40 |    79 ||   135
       Hailstorm         |       |       |     6 |    73 |    53 ||   132
       Iskenderun's Myst |       |       |       |     4 |     4 ||     8
       Ozocubu's Armour  |       |       |       |     1 |       ||     1
       Summon Lightning  |       |       |       |     2 |    31 ||    33
       Blink             |       |       |       |     1 |       ||     1
       Shadow Creatures  |       |       |       |       |    48 ||    48
       Summon Mana Viper |       |       |       |       |     5 ||     5
Invok: Forget Spell      |       |       |       |       |     1 ||     1
 Abil: Fly               |       |     1 |       |       |       ||     1
Evoke: Wand              |       |       |     5 |     1 |       ||     6
       Staff of energy   |       |       |       |     1 |       ||     1
  Use: Scroll            |       |     3 |     1 |    13 |    11 ||    28
       Potion            |       |       |       |       |    10 ||    10
 Stab: Sleeping          |     1 |     4 |     9 |     4 |       ||    18
       Distracted        |       |     1 |       |       |     1 ||     2
  Eat: Chunk             |     2 |    10 |    14 |    30 |    31 ||    87
       Ration            |       |       |     3 |     1 |     3 ||     7
Armor: Robe              |     6 |    23 |    33 |       |       ||    62
       Acid dragon scale |       |       |    23 |    89 |    74 ||   186
       Troll leather arm |       |       |       |    53 |    36 ||    89
Dodge: Dodged            |    18 |    79 |   209 |   260 |   220 ||   786
Block: Buckler           |       |       |       |   111 |   239 ||   350
       Reflection        |       |       |       |     1 |     7 ||     8
       Rpst.: Double sword |       |       |       |       |     1 ||     1

Table legend:
 A = Non-vault XP
 B = Vault XP
 C = Vault XP percentage of total XP
 D = Non-vault monster count
 E = Vault monster count
 F = Vault count percentage of total count
                 A         B        C        D         E       F
            +---------+---------+-------+---------+---------+-------
      Total |   50514 |   23837 |  32.1 |     430 |     109 |  20.2
            +---------+---------+-------+---------+---------+-------
        D:1 |      21 |       0 |   0.0 |      11 |       0 |   0.0
        D:2 |      82 |       0 |   0.0 |      19 |       0 |   0.0
        D:3 |     205 |     107 |  34.3 |      29 |      13 |  31.0
        D:4 |     444 |       0 |   0.0 |      27 |       0 |   0.0
        D:5 |     664 |       0 |   0.0 |      22 |       0 |   0.0
        D:6 |     707 |     405 |  36.4 |      15 |       9 |  37.5
        D:7 |     980 |     276 |  22.0 |      24 |       1 |   4.0
        D:8 |     397 |    2436 |  86.0 |      11 |      28 |  71.8
        D:9 |     946 |     211 |  18.2 |      26 |       1 |   3.7
       D:10 |    1230 |    1543 |  55.6 |      22 |       4 |  15.4
       D:11 |    1350 |    5584 |  80.5 |      16 |      12 |  42.9
       D:12 |    2961 |       0 |   0.0 |      27 |       0 |   0.0
       D:13 |    4271 |       0 |   0.0 |      27 |       0 |   0.0
       D:14 |    6257 |    6339 |  50.3 |      25 |       8 |  24.2
       D:15 |    1488 |       0 |   0.0 |       6 |       0 |   0.0
     Lair:1 |    3815 |       0 |   0.0 |      19 |       0 |   0.0
     Lair:2 |    3290 |       0 |   0.0 |      18 |       0 |   0.0
     Lair:3 |    7675 |    1189 |  13.4 |      30 |       8 |  21.1
     Lair:4 |    5590 |    1916 |  25.5 |      23 |       9 |  28.1
     Lair:5 |    2103 |       0 |   0.0 |       9 |       0 |   0.0
     Lair:6 |    5581 |    2036 |  26.7 |      22 |       9 |  29.0
   Gauntlet |     457 |    1795 |  79.7 |       2 |       7 |  77.8
            +---------+---------+-------+---------+---------+-------
